 Dungeon Crawl Stone Soup version 0.27-a0-951-gae3e1deef5 (webtiles) character file.

Game seed: 2948157676392207310

12573 polve the Envoy of Void (level 11, -6/87 HPs)
             Began as a Demonspawn Abyssal Knight on Apr 11, 2021.
             Was a High Priest of Lugonu.
             Hit by a boomerang thrown by a merfolk (13 damage)
             ... on level 2 of the Lair of Beasts.
             The game lasted 00:19:08 (16858 turns).

polve the Envoy of Void (DsAK)                     Turns: 16858, Time: 00:19:08

Health: -6/87      AC: 16    Str: 15    XL:     11   Next: 64%
Magic:  18/18      EV:  8    Int: 15    God:    Lugonu [*****.]
Gold:   712        SH:  0    Dex: 18    Spells: 9/10 levels left

rFire    + . .     SeeInvis .   a - +0 dagger (elec)
rCold    + . .     Faith    .   (no shield)
rNeg     . . .     Spirit   .   t - +1 chain mail {Will+}
rPois    +         Reflect  .   (no helmet)
rElec    +         Harm     .   g - +0 cloak
rCorr    +         Rampage  .   s - +0 pair of gloves
Will     +....                  (no boots)
Stlth    ..........             (no amulet)
HPRegen  0.24/turn              j - ring of poison resistance
MPRegen  0.16/turn              w - +6 ring of dexterity

@: resistant
A: claws 1, powered by pain 1, sharp scales 2, demonic magic 1
a: Renounce Religion, Depart the Abyss, Bend Space, Banish, Corrupt, Enter the
Abyss


You were on level 2 of the Lair of Beasts.
You worshipped Lugonu.
Lugonu was extremely pleased with you.
You visited 2 branches of the dungeon, and saw 11 of its levels.
You visited the Abyss 1 time.

You collected 712 gold pieces.

Inventory:

Hand Weapons
 a - a +0 dagger of electrocution (weapon)
Missiles
 H - a curare-tipped dart
Armour
 g - a +0 cloak (worn)
 s - a +0 pair of gloves (worn)
 t - a +1 chain mail of willpower (worn)
Jewellery
 i - an amulet of faith
 j - a ring of poison resistance (left hand)
 o - a ring of flight
 w - a +6 ring of dexterity (right hand)
 x - a ring of wizardry
 E - a ring of protection from fire
Wands
 d - a wand of polymorph (6)
 y - a wand of iceblast (9)
 z - a wand of random effects (16)
 A - a wand of flame (14)
 C - a wand of acid (13)
 F - a wand of digging (6)
Scrolls
 b - 2 scrolls of vulnerability
 e - a scroll of acquirement {unknown}
 f - a scroll of noise {unknown}
 l - 2 scrolls of fear {unknown}
 m - a scroll of fog {unknown}
 n - 2 scrolls of enchant weapon
 p - 2 scrolls of immolation
 q - 2 scrolls of holy word {unknown}
 r - a scroll of identify
 u - a scroll of enchant armour {unknown}
 v - 3 scrolls of blinking
 G - a scroll of torment {unknown}
 I - a scroll of silence {unknown}
 K - a scroll of teleportation {unknown}
Potions
 c - a potion of resistance
 k - a potion of attraction {unknown}
 B - a potion of brilliance {unknown}
 D - a potion of ambrosia {unknown}
 J - a potion of mutation {unknown}


   Skills:
 - Level 8.6 Fighting
 - Level 10.0 Short Blades
 - Level 6.7 Armour
 - Level 4.5 Dodging
 + Level 6.8 Summonings
 - Level 10.0 Invocations


You had 9 spell levels left.
You knew the following spells:

 Your Spells              Type           Power      Damage    Failure   Level
a - Summon Small Mammal   Summ           80%        N/A       26%         1

Your spell library contained the following spells:

 Spells                   Type           Power      Damage    Failure   Level
 Call Imp                 Summ           20%        N/A       36%         2
 Call Canine Familiar     Summ           20%        N/A       58%         3
 Summon Guardian Golem    Hex/Summ       10%        N/A       97%         3
 Magic Dart               Conj           0%         1d3       99%         1
 Blink                    Tloc           N/A        N/A       99%         2
 Slow                     Hex            0%         N/A       99%         2
 Conjure Flame            Conj/Fire      0%         6-21      100%        3
 Mephitic Cloud           Conj/Pois/Air  0%         N/A       100%        3
 Summon Ice Beast         Ice/Summ       10%        N/A       100%        4
 Summon Lightning Spire   Summ/Air       10%        N/A       100%        4


Dungeon Overview and Level Annotations

Branches:
Dungeon (9/15)             Temple (0/1) D:7            Lair (2/6) D:9
 Spider (0/4) Lair:2
  Swamp: Lair:2-4    Shoals: Lair:2-4       Orc: D:9-12

Altars:
Cheibriados
Dithmenos
Hepliaklqana
Kikubaaqudgha
Nemelex Xobeh
Wu Jian
Yredelemnul
The Shining One

Shops:
D:2 [   D:3 (   D:4 ?   D:9 (

Annotations:
Lair:1 3 runed translucent doors, Alarkh's ghost, journeyman DsTm; Wyefet Iweni's ghost, journeyman MiFi; Ycrey's ghost, novice FeBe; polve's ghost, journeyman DsAK; wakim's ghost, journeyman OpTm


Innate Abilities, Weirdness & Mutations

You have sharp fingernails.
You sometimes gain a little power by taking damage.
You are mostly covered in razor-sharp scales. (AC +2, Slay +2)
Spells you cast may paralyse adjacent enemies.


Message History

The merfolk siren chants a haunting song.
You are mesmerised by the merfolk siren!
You hit the wolf.
You kill the wolf!
Lugonu accepts your kill.
The black mamba bites you but does no damage.
The merfolk hits you but does no damage.
You hit the black mamba.
The black mamba is lightly wounded.
The black mamba barely misses you.
The merfolk siren chants its luring song.
You hit the black mamba.
Lightning courses through the black mamba!
The black mamba is heavily wounded.
The black mamba bites you.
* * * LOW HITPOINT WARNING * * *
The merfolk hits you from afar with a +0 trident.
* * * LOW HITPOINT WARNING * * *
You hit the black mamba but do no damage.
Lightning courses through the black mamba!
The black mamba is severely wounded.
The black mamba bites you but does no damage.
The merfolk siren chants its luring song.
You puncture the black mamba!
Lightning courses through the black mamba!!
You kill the black mamba!
Lugonu accepts your kill. The merfolk barely misses you.
Space bends around you!
You blink.
The merfolk siren chants its luring song.
The merfolk siren chants its luring song.
You are no longer entranced.
The merfolk siren chants a haunting song.
You resist.
The merfolk throws a boomerang.
The boomerang hits you.
* * * LOW HITPOINT WARNING * * *
The bullfrog releases a deep croak.
The merfolk siren chants a haunting song.
You easily resist.
The merfolk throws a boomerang.
The boomerang hits you!
You die...

#.........#............. ..##
##............#.......... ...#
#.#..........####........ ..P#
###..........# #........ ...#
####..........## #........
...#####.#P...........# #P.......
...##.................# #..†....
........#.##..........# ##F§.....
..P###.##.###...@....m###m#####.P
.######...# ##...###Pm.#.## # .#
#.P....####P### ##.F..## .P
.###........#### #.#...# .#
............# ###P..# ..#
............# #...##...##
...........## ###.......#
...........P# #......##
............# #.m..........#


You could see a merfolk and a merfolk siren.

Vanquished Creatures
  2 hydras (Lair:1)
  Pikel (D:8)
  Maurice (D:7)
  A black mamba (Lair:2)
  3 cane toads
  5 komodo dragons (Lair:1)
  5 blink frogs (Lair:1)
  A redback (Lair:2)
  2 basilisks (Lair:1)
  A steam dragon (D:9)
  Menkaure (D:7)
  An acid dragon (D:9)
  4 water moccasins
  An ice beast (D:7)
  2 black bears
  2 necrophages
  2 orc warriors
  3 ogres
  15 wolves (Lair:2)
  2 phantoms
  A lemure (D:8)
  3 kobold brigands
  5 bullfrogs
  A scorpion (D:5)
  A water moccasin skeleton (D:5)
  7 killer bees
  14 wights
  3 howler monkeys
  A centaur zombie (D:9)
  A jelly (D:5)
  4 orc priests
  A bullfrog skeleton (D:4)
  A centaur skeleton (D:7)
  A gnoll shaman (D:7)
  4 hounds
  8 iguanas
  6 orc wizards
  3 hell rats (Lair:2)
  A howler monkey zombie (D:8)
  8 gnolls
  8 adders
  6 river rats (Lair:2)
  A shadow imp (D:6)
  2 white imps (D:6)
  An ufetubus (D:5)
  A worm (D:4)
  3 dart slugs
  25 orcs
  12 ball pythons
  11 bats
  9 endoplasms
  4 giant cockroaches
  6 goblins
  10 hobgoblins
  12 jackals
  27 kobolds
  4 quokkas
  12 frilled lizards
  8 rats
291 creatures vanquished.

Vanquished Creatures (others)
  3 fungi
  12 plants
15 creatures vanquished.

Grand Total: 306 creatures vanquished

Notes
Turn   | Place    | Note
-------+----------+-------------------------------------------
     0 | Abyss:1  | polve the Demonspawn Abyssal Knight began the quest for the
                  | Orb.
     0 | Abyss:1  | Reached XP level 1. HP: 18/18 MP: 2/2
    70 | Abyss:1  | Noticed a large abomination
    70 | Abyss:1  | Noticed a chaos spawn
    71 | D:1      | Escaped the Abyss
   188 | D:1      | Reached * piety under Lugonu
   192 | D:1      | Gained mutation: You have sharp fingernails. [demonic
                  | ancestry]
   192 | D:1      | Reached XP level 2. HP: 15/24 MP: 3/3
   610 | D:1      | Gained mutation: You sometimes gain a little power by
                  | taking damage. [demonic ancestry]
   610 | D:1      | Reached XP level 3. HP: 24/29 MP: 4/4
   958 | D:1      | Reached ** piety under Lugonu
  1662 | D:2      | Found Paenoguy's Antique Armour Shoppe.
  1714 | D:2      | Gained mutation: You are partially covered in razor-sharp
                  | scales. (AC +1, Slay +1) [demonic ancestry]
  1714 | D:2      | Reached XP level 4. HP: 25/35 MP: 5/5
  2291 | D:2      | Found a faded altar of an unknown god.
  2640 | D:3      | Gained mutation: You are mostly covered in razor-sharp
                  | scales. (AC +2, Slay +2) [demonic ancestry]
  2640 | D:3      | Reached XP level 5. HP: 41/41 MP: 8/8
  2729 | D:3      | Found Aceceg's Antique Weapon Boutique.
  2780 | D:3      | Reached *** piety under Lugonu
  2931 | D:3      | Reached skill level 5 in Invocations
  3484 | D:3      | Found a shadowy altar of Dithmenos.
  3519 | D:3      | Found a sparkling altar of Nemelex Xobeh.
  3534 | D:3      | Found a hazy altar of Hepliaklqana.
  3572 | D:3      | Found a basalt altar of Yredelemnul.
  3614 | D:3      | Found a snail-covered altar of Cheibriados.
  3621 | D:3      | Reached XP level 6. HP: 47/47 MP: 10/10
  4083 | D:4      | Found Doomm's Magic Scroll Shop.
  4263 | D:4      | Reached **** piety under Lugonu
  4732 | D:5      | Entered Level 5 of the Dungeon
  4842 | D:5      | You are sucked into a shaft and drop 1 floor!
  4842 | D:6      | Noticed an orc warrior
  4844 | D:6      | Noticed an orc warrior
  4859 | D:6      | Killed an orc warrior
  4860 | D:6      | Reached XP level 7. HP: 25/52 MP: 13/13
  5266 | D:6      | Found an ornate altar of the Wu Jian Council.
  5306 | D:6      | Found an ancient bone altar of Kikubaaqudgha.
  5353 | D:6      | Reached skill level 10 in Invocations
  5355 | D:6      | Reached skill level 1 in Dodging
  5726 | D:6      | Reached XP level 8. HP: 54/58 MP: 15/15
  7155 | D:6      | Reached skill level 5 in Armour
  7740 | D:7      | Reached skill level 5 in Fighting
  7740 | D:7      | Reached XP level 9. HP: 68/68 MP: 16/16
  8398 | D:7      | Found a staircase to the Ecumenical Temple.
  8483 | D:7      | Noticed Menkaure
  8494 | D:7      | HP: 1/68 [Menkaure (11)]
  8495 | D:7      | Killed Menkaure
  9810 | D:8      | HP: 3/65 [wight/+3 long sword of freezing (2)]
 10203 | D:8      | Reached skill level 5 in Short Blades
 10515 | D:8      | Noticed Maurice
 11022 | D:7      | Killed Maurice
 11252 | D:8      | Noticed Pikel
 11266 | D:8      | Killed Pikel
 11267 | D:8      | Reached XP level 10. HP: 65/76 MP: 17/17
 11645 | D:9      | Noticed a two-headed ogre
 11657 | D:9      | Banished a two-headed ogre
 11751 | D:9      | Identified the +1 scale mail of Classification {Rampage rN+
                  | Str-4}
 12037 | D:9      | Found Talo's Antique Weapon Shoppe.
 12404 | D:9      | Found a staircase to the Lair.
 12523 | Lair:1   | Entered Level 1 of the Lair of Beasts
 12619 | Lair:1   | Reached ***** piety under Lugonu
 12926 | Lair:1   | Reached skill level 10 in Short Blades
 12960 | Lair:1   | Noticed a cane toad
 12989 | Lair:1   | Killed a cane toad
 13365 | Lair:1   | Noticed a six-headed hydra
 13446 | Lair:1   | Noticed a four-headed hydra
 13465 | Lair:1   | Killed a four-headed hydra
 13466 | Lair:1   | Gained mutation: Spells you cast may paralyse adjacent
                  | enemies. [demonic ancestry]
 13466 | Lair:1   | Reached XP level 11. HP: 65/86 MP: 18/18
 13468 | Lair:1   | Learned a level 1 spell: Summon Small Mammal
 13525 | Lair:1   | Killed a six-headed hydra
 13827 | Lair:1   | Reached skill level 1 in Summonings
 14006 | Lair:1   | HP: 3/87 [komodo dragon (5)]
 14608 | Lair:1   | Found a runed translucent gate.
 14611 | Lair:1   | Noticed wakim's ghost (journeyman OpTm)
 14611 | Lair:1   | Noticed Wyefet Iweni's ghost (journeyman MiFi)
 14611 | Lair:1   | Noticed Alarkh's ghost (journeyman DsTm)
 14612 | Lair:1   | Found a runed translucent gate.
 14613 | Lair:1   | Found a runed translucent gate.
 14613 | Lair:1   | Noticed polve's ghost (journeyman DsAK)
 14613 | Lair:1   | Noticed Ycrey's ghost (novice FeBe)
 15768 | Lair:2   | Reached skill level 5 in Summonings
 16370 | Lair:2   | Found a hole to the Spider Nest.
 16858 | Lair:2   | Hit by a boomerang thrown by a merfolk

Illustrated notes

Levels and vault maps discovered:
D:1:      sevenhm_arrival_forest_fort_large_2, layout_rooms
D:2:      layout_loops_cross, shapermc_ecumenical_altar_mp_vishouse,
          serial_shops, shop, minmay_pentomino_pile
D:3:      layout_loops_corners, kennysheep_slug_shrine,
          nicolae_overflow_quartered_altars, serial_shops, shop,
          minmay_lizard_king
D:4:      layout_loops_cross, serial_shops, shop
D:5:      layout_loops_cross, grunt_ministairs_15
D:6:      layout_basic, nicolae_wu_jian_wuxing_cycle,
          nicolae_kikubaaqudgha_miasma_corner, minmay_quadrilaterals
D:7:      layout_cave_pods, minmay_temple_entry_junction, minmay_misc_feat_room,
          uniq_menkaure
D:8:      layout_gridville, tso_metal_star, uniq_pikel, uniq_maurice
D:9:      layout_basic, lair_entry_dummy, serial_shops, shop_fountains
Lair:1:   beast_lair_carwin_large_1, layout_chaotic_city,
          gammafunk_ghost_cemetery, grunt_megastairs_3
Lair:2:   layout_cave_pods, elwin_shoals_entry_stream, spider_nest_entry_webs,
          kennysheep_abandoned_house

Skill      XL: |  1  2  3  4  5  6  7  8  9 10 11 |
---------------+----------------------------------+-----
Short Blades   | 2 3 4 7 10 | 10.0
Invocations    | 4 6 8 10 | 10.0
Armour         | 3 5 6 |  6.7
Dodging        | 1 3 4 |  4.5
Fighting       | 5 8 |  8.6
Summonings     | 6 |  6.8

Action                   |  1- 3 |  4- 6 |  7- 9 | 10-12 || total
-------------------------+-------+-------+-------+-------++-------
Melee: Short sword       |    41 |       |       |       ||    41
       Dagger            |    93 |   254 |   425 |   571 ||  1343
       Unarmed           |     1 |       |       |       ||     1
 Cast: Summon Small Mamm |       |       |       |     2 ||     2
Invok: Depart the Abyss  |     1 |       |       |       ||     1
       Banish            |       |       |     2 |     1 ||     3
       Bend Space        |       |       |       |     5 ||     5
  Use: Potion            |       |       |     2 |    10 ||    12
       Scroll            |       |       |     6 |     1 ||     7
 Stab: Paralysed         |       |       |       |     1 ||     1
Armor: Leather armour    |    38 |       |       |       ||    38
       Ring mail         |       |    62 |       |       ||    62
       Chain mail        |       |    55 |   190 |   242 ||   487
Dodge: Dodged            |    74 |    87 |   142 |   147 ||   450

Table legend: (Time is in decaauts)
 A = Elapsed time spent in this place.
 B = Non-inter-level travel time spent in this place.
 C = Inter-level travel time spent in this place.
 D = Time resting spent in this place.
 E = Time spent auto-exploring this place.
 F = Levels seen in this place.
 G = Mean time per level.
                   A        B        C        D        E       F      G
               +--------+--------+--------+--------+--------+-----+--------+
         Total |  16396 |  15953 |    443 |    717 |  13193 |  12 | 1366.3 |
       Dungeon |  12552 |  12125 |    427 |    717 |   9854 |   9 | 1394.7 |
          Lair |   3773 |   3757 |     16 |      0 |   3271 |   2 | 1886.5 |
         Abyss |     71 |     71 |      0 |      0 |     68 |   1 |   71.0 |
               +--------+--------+--------+--------+--------+-----+--------+

Top non-repeatable levels by time:
  Lair:1: 2373 daAuts
     D:7: 2198 daAuts
     D:6: 2074 daAuts
  Lair:2: 1400 daAuts
     D:8: 1377 daAuts
     D:3: 1347 daAuts
     D:1: 1311 daAuts
     D:2: 1224 daAuts
     D:9: 1164 daAuts
     D:5: 1149 daAuts
     D:4: 704 daAuts
 Abyss:1: 71 daAuts
